[Event "Titled Tuesday Blitz October 11 Early 2022"]
[White "Zaloznyy, Mike"]
[Black "Melikhov, Evgeny V."]
[WhiteFideId "2023075"]
[BlackFideId "4122046"]
[WhiteElo "2126"]
[BlackElo "2169"]
[Result "1-0"]
[Round "05"]
[TimeControl "180+1"]
[Date "2022.10.12"]
[WhiteClock "0:00:04"]
[BlackClock "0:00:01"]

1. Nf3 f5 2. d3 d6 3. e4 e5 4. Nc3 Nf6 5. g3 Be7 6. Nh4 f4 7. gxf4 Nxe4 8. Qh5+ g6 9. Nxg6 Nf6 10. Qh6 Rg8 11. Nxe7 Qxe7 12. fxe5 Nc6 13. Be2 Nxe5 14. Be3 Neg4 15. Qf4 Nxe3 16. Qxe3 Ng4 17. Bxg4 Bxg4 18. Rg1 Qxe3+ 19. fxe3 O-O-O 20. Kd2 c6 21. Rg3 d5 22. Rag1 Be6 23. Ne2 Rgf8 24. Nf4 Bf5 25. Rg7 Rd6 26. Re7 Bg6 27. Nxg6 hxg6 28. Rg2 Rff6 29. Rg7 Rde6 30. Ke2 a5 31. Rf2 a4 32. Rxf6 Rxf6 33. a3 Kb8 34. e4 dxe4 35. dxe4 Ka7 36. Ke3 Kb6 37. e5 Re6 38. Ke4 Kc5 39. Rf7 b5 40. Rf6 Re8 41. Rxg6 Rh8 42. Rg2 Rh4+ 43. Kf5 Kb6 44. Rd2 Rh5+ 45. Ke6 Rh6+ 46. Kd7 Rh7+ 47. Kd6 Kb7 48. e6 Kc8 49. Kxc6 Rc7+ 50. Kxb5 Re7 51. Kxa4 Rxe6 52. Kb4 Re4+ 53. c4 Kc7 54. a4 Rh4 55. Kb5 Rh5+ 56. c5 Kb7 57. b4 Rh7 58. a5 Ka7 59. a6 Rh8 60. Rd7+ Ka8 61. Kb6 Rb8+ 62. Rb7 Rh8 63. c6 1-0


[Site "https://www.chess.com"]

[Event "Titled Tuesday Blitz October 11 Early 2022"]
[White "Zhigalko, Sergei"]
[Black "Titichoca Daza, Daniel"]
[WhiteFideId "13502956"]
[BlackFideId "3309550"]
[WhiteElo "2662"]
[BlackElo "2105"]
[Result "1-0"]
[Round "05"]
[TimeControl "180+1"]
[Date "2022.10.11"]
[WhiteClock "0:01:32"]
[BlackClock "0:00:50"]

1. e4 c5 2. Nf3 d6 3. d4 cxd4 4. Qxd4 a6 5. Bc4 Nc6 6. Qd3 Nf6 7. Nc3 e6 8. Bf4 Qc7 9. O-O-O Ne5 10. Nxe5 dxe5 11. Bxe5 Qe7 12. Nb5 axb5 13. Bxf6 Qd6 14. Bxb5+ Bd7 15. Bxd7+ Kxd7 16. Qb5+ Kc8 17. Qe8+ Kc7 18. Qxf7+ Kc6 19. Rxd6+ Bxd6 20. Bxg7 Rhg8 21. Rd1 Rxa2 22. Rxd6+ 1-0


[Site "https://www.chess.com"]

[Event "Titled Tuesday Blitz October 11 Early 2022"]
[White "Ziatdinov, Raset"]
[Black "Sargsyan, Anna M."]
[WhiteFideId "2015323"]
[BlackFideId "13308130"]
[WhiteElo "2220"]
[BlackElo "2284"]
[Result "0-1"]
[Round "05"]
[TimeControl "180+1"]
[Date "2022.10.12"]
[WhiteClock "0:00:27"]
[BlackClock "0:01:09"]

1. Nc3 e5 2. Nf3 Nc6 3. d4 exd4 4. Nxd4 Nf6 5. e4 Bb4 6. Nxc6 bxc6 7. Bd3 O-O 8. O-O d5 9. exd5 cxd5 10. Bg5 c6 11. Qf3 h6 12. Bh4 Rb8 13. Ne2 Bd6 14. b3 Re8 15. Nd4 Rb6 16. h3 Be5 17. Nf5 Bxf5 18. Qxf5 Bxa1 19. Rxa1 Qd7 20. Qf3 Ne4 21. c4 Qe6 22. Re1 Rbb8 23. cxd5 cxd5 24. Qe3 Qb6 25. Qf4 g5 26. Qg4 Qe6 27. Qxe6 Rxe6 28. Bxe4 Rxe4 29. Rxe4 dxe4 30. Bg3 Rc8 31. a3 Rc3 32. b4 Rxa3 33. Kf1 f5 34. Bd6 Kf7 35. Ke2 Ke6 36. Bc5 Kd5 37. g3 f4 38. gxf4 gxf4 39. h4 h5 40. Kd2 Kc4 41. Bd6 Ra2+ 42. Ke1 f3 43. Kf1 Ra1# 0-1


[Site "https://www.chess.com"]

[Event "Titled Tuesday Blitz October 11 Early 2022"]
[White "Agasarov, Benik"]
[Black "Leve, Nitai"]
[WhiteFideId "13314823"]
[BlackFideId "2006898"]
[WhiteElo "2152"]
[BlackElo "2144"]
[Result "1/2-1/2"]
[Round "06"]
[TimeControl "180+1"]
[Date "2022.10.12"]
[WhiteClock "0:01:08"]
[BlackClock "0:00:03"]

1. b3 d5 2. Bb2 Nc6 3. e3 e5 4. Bb5 Bd6 5. f4 Qh4+ 6. g3 Qe7 7. Nf3 f6 8. Nc3 d4 9. Nd5 Qe6 10. fxe5 Qxd5 11. Bxc6+ Qxc6 12. exd6 dxe3 13. dxc7 Bg4 14. O-O exd2 15. Nd4 Bxd1 16. Nxc6 bxc6 17. Raxd1 Kd7 18. Rxd2+ Kxc7 19. Ba3 Nh6 20. Re1 Rhe8 21. Bd6+ Kb6 22. Rde2 Rxe2 23. Rxe2 Nf5 24. Bf4 g5 25. Bc1 Rd8 26. Bb2 h5 27. Bxf6 Rd1+ 28. Kg2 g4 29. a4 Kc5 30. Re5+ Rd5 31. Re2 Kd6 32. Bg5 Nd4 33. Bf4+ Kc5 34. Be3 Kb4 35. Rd2 Nf3 36. Rxd5 cxd5 37. Bxa7 Ne1+ 38. Kf2 Nxc2 39. Bb6 Na1 40. a5 Kb5 41. Ke3 Nxb3 42. Kf4 Nxa5 43. Be3 Nc4 44. Bc1 Kc6 45. Kg5 d4 46. Kxh5 Ne3 47. Kg5 Nf1 48. Kxg4 Nxh2+ 49. Kf4 Kd5 50. Bd2 Ke6 51. Be1 Nf1 52. Bf2 Nxg3 53. Kxg3 d3 54. Be1 d2 55. Bxd2 1/2-1/2


[Site "https://www.chess.com"]

[Event "Titled Tuesday Blitz October 11 Early 2022"]
[White "Aggelis, Nikolaos"]
[Black "Boraso, Alessio"]
[WhiteFideId "4213220"]
[BlackFideId "848077"]
[WhiteElo "2187"]
[BlackElo "2286"]
[Result "1-0"]
[Round "06"]
[TimeControl "180+1"]
[Date "2022.10.12"]
[WhiteClock "0:00:11"]
[BlackClock "0:00:01"]

1. d4 Nf6 2. g3 g6 3. Bg2 Bg7 4. Nf3 O-O 5. O-O d6 6. b3 c5 7. c4 Nc6 8. Bb2 Bf5 9. Nc3 Ne4 10. Nh4 Nxc3 11. Bxc3 Nxd4 12. Nxf5 Nxf5 13. Bxg7 Kxg7 14. Bxb7 Rb8 15. Be4 Qd7 16. Qd3 Qe6 17. Bxf5 Qxf5 18. Qxf5 gxf5 19. Rfd1 Kf6 20. Rd3 a5 21. Re1 a4 22. e4 axb3 23. axb3 Rb7 24. Kg2 Rfb8 25. Rf3 e6 26. exf5 Rxb3 27. fxe6+ Rxf3 28. Kxf3 fxe6 29. Re4 d5 30. cxd5 exd5 31. Rh4 Rb3+ 32. Ke2 Rb7 33. f4 Kf5 34. Kd3 Rb3+ 35. Kc2 c4 36. Rxh7 d4 37. Re7 Ra3 38. Re5+ Kg4 39. f5 Ra2+ 40. Kb1 Rd2 41. f6 c3 42. f7 c2+ 43. Kc1 Rf2 44. Re4+ Kg5 45. Rf4 Rxh2 46. f8=Q Rh1+ 47. Kxc2 d3+ 48. Kd2 Rh7 49. Qf6+ Kh5 50. Rh4# 1-0


[Site "https://www.chess.com"]

[Event "Titled Tuesday Blitz October 11 Early 2022"]
[White "Aguilar, Juan"]
[Black "De Souza, Cristiano Gomes"]
[WhiteFideId "3800091"]
[BlackFideId "2151758"]
[WhiteElo "2369"]
[BlackElo "2068"]
[Result "1-0"]
[Round "06"]
[TimeControl "180+1"]
[Date "2022.10.12"]
[WhiteClock "0:00:52"]
[BlackClock "0:01:33"]

1. d4 Nf6 2. c4 g6 3. Nc3 Bg7 4. e4 d6 5. Nf3 O-O 6. Be2 e5 7. d5 Nbd7 8. Bg5 h6 9. Bh4 a5 10. Nd2 Nc5 11. O-O Bd7 12. b3 Qe8 13. a3 Nh7 14. f3 f5 15. Bf2 b6 16. b4 axb4 17. axb4 Rxa1 18. Qxa1 Na4 19. Nb5 Bxb5 20. cxb5 Qa8 21. Bd1 Nc5 22. bxc5 dxc5 23. Qxa8 Rxa8 24. Bb3 Kf8 25. Nc4 Ke7 26. exf5 gxf5 27. Re1 Nf8 28. Nxe5 Bxe5 29. Rxe5+ Kf6 30. Re1 Ra3 31. Bh4+ Kg6 32. Bc2 Ra2 33. Bb1 Rb2 34. g4 1-0


[Site "https://www.chess.com"]

[Event "Titled Tuesday Blitz October 11 Early 2022"]
[White "Aizpurua, Patrick Emilio"]
[Black "Seletsky, Grigory"]
[WhiteFideId "6600522"]
[BlackFideId "14112191"]
[WhiteElo "2378"]
[BlackElo "2492"]
[Result "1-0"]
[Round "06"]
[TimeControl "180+1"]
[Date "2022.10.12"]
[WhiteClock "0:00:06"]
[BlackClock "0:00:02"]

1. d4 d6 2. Nf3 Nf6 3. c4 Bg4 4. Nc3 Bxf3 5. gxf3 c6 6. f4 d5 7. b3 e6 8. a3 g6 9. e3 Bg7 10. Be2 O-O 11. h4 h5 12. Qc2 Nbd7 13. Bb2 a6 14. O-O-O b5 15. c5 a5 16. Rdg1 a4 17. b4 Re8 18. f3 Qc7 19. Bd3 Nf8 20. Kd1 Kh8 21. Bc1 Bh6 22. Qh2 Rad8 23. Kc2 Ng8 24. Ne2 Ne7 25. e4 f5 26. e5 Nc8 27. Nc3 Na7 28. Rg3 Re7 29. Rhg1 Rg7 30. Qe2 Qd7 31. Qf1 Rb8 32. Be3 Qe8 33. Ne2 Rbb7 34. R1g2 Kh7 35. Ng1 Rbf7 36. Nh3 Re7 37. Ng5+ Bxg5 38. Rxg5 Nc8 39. Kb2 Ref7 40. Bc2 Re7 41. Qd1 Kg8 42. Qg1 Qd7 43. Qf1 Kf7 44. Qd1 Ke8 45. Bg1 Qa7 46. Bd3 Qb7 47. Be3 Kd8 48. Qg1 Kc7 49. Rxh5 Kb8 50. Rh8 Ref7 51. h5 Ne7 52. h6 Rh7 53. Rxh7 Nxh7 54. Rxg6 Nxg6 55. Qxg6 Nf8 56. Qg8 Qe7 57. Bf2 Rh7 58. Bh4 Qf7 59. Qxf7 Rxf7 60. Bg5 Rh7 61. Bf1 Kc8 62. Kc3 Kd7 63. Kd2 Rh8 64. Ke3 Rg8 65. Bf6 Nh7 66. Bg7 Nf8 67. Kf2 1-0


[Site "https://www.chess.com"]

[Event "Titled Tuesday Blitz October 11 Early 2022"]
[White "Aldokhin, Ivan"]
[Black "Weetik, Vjacheslav"]
[WhiteFideId "24115720"]
[BlackFideId "4153472"]
[WhiteElo "2313"]
[BlackElo "2469"]
[Result "0-1"]
[Round "06"]
[TimeControl "180+1"]
[Date "2022.10.12"]
[WhiteClock "0:00:06"]
[BlackClock "0:00:57"]

1. e4 c5 2. Nf3 Nc6 3. d4 cxd4 4. Nxd4 g6 5. Nc3 Bg7 6. Be3 Nf6 7. Bc4 O-O 8. Bb3 Qa5 9. O-O d6 10. h3 Bd7 11. f4 Nxd4 12. Bxd4 Bc6 13. Nd5 Bxd5 14. exd5 Nd7 15. Bxg7 Kxg7 16. Qd4+ Kg8 17. Rae1 Rfe8 18. Kh1 Qc5 19. Qd2 b5 20. f5 Kg7 21. c3 Nf6 22. Rf4 g5 23. Rf3 h6 24. Rfe3 Kf8 25. h4 g4 26. Rxe7 Rxe7 27. Qxh6+ Ke8 28. Qh8+ Kd7 29. Rxe7+ Kxe7 30. Qxa8 Qf2 0-1


[Site "https://www.chess.com"]

[Event "Titled Tuesday Blitz October 11 Early 2022"]
[White "Aloma Vidal, Robert"]
[Black "Tymrakiewicz, Rafal"]
[WhiteFideId "2260409"]
[BlackFideId "1108832"]
[WhiteElo "2435"]
[BlackElo "2138"]
[Result "1-0"]
[Round "06"]
[TimeControl "180+1"]
[Date "2022.10.12"]
[WhiteClock "0:00:26"]
[BlackClock "0:00:27"]

1. e4 Nf6 2. e5 Nd5 3. d4 d6 4. Bc4 Nb6 5. Bb3 d5 6. h3 Nc6 7. Nf3 Bf5 8. O-O e6 9. Nc3 Na5 10. Ne2 Be7 11. Ng3 Bg6 12. Be3 Nbc4 13. Qc1 Nxe3 14. fxe3 Rc8 15. c3 Nxb3 16. axb3 a6 17. b4 O-O 18. Qe1 b6 19. e4 c5 20. bxc5 bxc5 21. Rxa6 cxd4 22. Nxd4 Bc5 23. Kh2 dxe4 24. Nxe4 Bxd4 25. cxd4 Qxd4 26. Nd6 Rc2 27. b4 Qd5 28. Qg3 Qd3 29. Raa1 Rb8 30. Qxd3 Bxd3 31. Rxf7 Be4 32. Raa7 Rxg2+ 33. Kh1 Rc8 34. Nxe4 Re2 35. Rxg7+ Kh8 36. Rxh7+ Kg8 37. Nf6+ Kf8 38. Rh8# 1-0


[Site "https://www.chess.com"]

[Event "Titled Tuesday Blitz October 11 Early 2022"]
[White "Ambartsumova, Karina"]
[Black "Carbone, Diego"]
[WhiteFideId "4166299"]
[BlackFideId "3002179"]
[WhiteElo "2299"]
[BlackElo "2243"]
[Result "1-0"]
[Round "06"]
[TimeControl "180+1"]
[Date "2022.10.12"]
[WhiteClock "0:02:03"]
[BlackClock "0:01:16"]

1. Nf3 c5 2. c4 g6 3. d4 cxd4 4. Nxd4 Bg7 5. e4 Nc6 6. Nc2 d6 7. Be2 Nf6 8. Nc3 O-O 9. O-O Nd7 10. Bd2 b6 11. f4 Bb7 12. Bf3 Nd4 13. Nxd4 Bxd4+ 14. Kh1 Nc5 15. Qe2 a5 16. f5 Nd7 17. Rad1 Bg7 18. Nd5 Bxd5 19. exd5 Nc5 20. Bg5 Re8 21. Bg4 a4 22. fxg6 hxg6 23. Rxf7 Kxf7 24. Be6+ Kf8 25. Rf1+ Bf6 26. Bh6# 1-0


[Site "https://www.chess.com"]

[Event "Titled Tuesday Blitz October 11 Early 2022"]
[White "Arabidze, Meri"]
[Black "Baches Garcia, Guillermo"]
[WhiteFideId "13604040"]
[BlackFideId "2209764"]
[WhiteElo "2403"]
[BlackElo "2458"]
[Result "1/2-1/2"]
[Round "06"]
[TimeControl "180+1"]
[Date "2022.10.12"]
[WhiteClock "0:00:04"]
[BlackClock "0:00:06"]

1. Nf3 Nf6 2. d4 e6 3. c4 d5 4. Nc3 c5 5. cxd5 Nxd5 6. e4 Nxc3 7. bxc3 cxd4 8. cxd4 Bb4+ 9. Bd2 Bxd2+ 10. Qxd2 O-O 11. Bc4 Nd7 12. O-O b6 13. Rad1 Bb7 14. Rfe1 Rc8 15. Bb3 Re8 16. h4 h6 17. Qf4 Qc7 18. Qe3 Nf6 19. Nd2 Qc3 20. Qxc3 Rxc3 21. f3 Rd8 22. Nf1 b5 23. Re3 Rc7 24. g4 g5 25. hxg5 hxg5 26. Ng3 a5 27. a3 a4 28. Ba2 Rc2 29. Bb1 Rc4 30. Red3 b4 31. axb4 Rxb4 32. e5 Nd5 33. Ne4 Nf4 34. R3d2 Bxe4 35. Bxe4 Rbxd4 36. Rxd4 Rxd4 37. Rb1 Ne2+ 38. Kf2 Nc3 39. Rb8+ Kg7 40. Ke3 Rd1 41. Bc2 Rd5 42. Ra8 Nb5 43. Bxa4 Rxe5+ 44. Kf2 Nc3 45. Be8 Nd5 46. Ra7 Nf4 47. Rxf7+ Kg8 48. Ra7 Re2+ 1/2-1/2


[Site "https://www.chess.com"]

[Event "Titled Tuesday Blitz October 11 Early 2022"]
[White "Araujo Sanchez, Josue"]
[Black "Dubov, Daniil"]
[WhiteFideId "6416896"]
[BlackFideId "24126055"]
[WhiteElo "2370"]
[BlackElo "2791"]
[Result "1-0"]
[Round "06"]
[TimeControl "180+1"]
[Date "2022.10.12"]
[WhiteClock "0:00:48"]
[BlackClock "0:00:28"]

1. c4 g6 2. Nc3 Bg7 3. g3 c5 4. Bg2 Nc6 5. e3 d6 6. Nge2 Be6 7. b3 Qd7 8. Nf4 Bg4 9. f3 Bf5 10. g4 Be6 11. Nxe6 Qxe6 12. Bb2 O-O-O 13. Qe2 Nf6 14. O-O-O d5 15. g5 d4 16. Na4 Nd7 17. h4 Kb8 18. Bh3 Qd6 19. Qh2 Nde5 20. Qe2 Nb4 21. Kb1 Nec6 22. a3 Na6 23. f4 d3 24. Qf3 Bxb2 25. Kxb2 Na5 26. Bg2 Rd7 27. Rc1 Rhd8 28. Qd5 Qc7 29. Qxf7 e5 30. Qf6 Re7 31. fxe5 Rxe5 32. Rhf1 Rde8 33. Rc3 R5e6 34. Qf4 Re5 35. Rxd3 Nc6 36. Bxc6 Qxc6 37. Rd5 Qc7 38. Nc3 R5e7 39. Qxc7+ Nxc7 40. Rxc5 Rd7 41. Kc2 Red8 42. Rf2 b6 43. Re5 Kb7 44. d4 Ne8 45. Ne4 Ng7 46. Ng3 Rc8 47. Kd3 a6 48. a4 Rcd8 49. Rf6 Ne8 50. Rfe6 Nc7 51. Re7 b5 52. axb5 axb5 53. Ne4 Kc6 54. Nc5 Rxe7 55. Rxe7 bxc4+ 56. bxc4 Ra8 57. Rxh7 Ra3+ 58. Ke4 Rc3 59. Nd3 1-0


[Site "https://www.chess.com"]

[Event "Titled Tuesday Blitz October 11 Early 2022"]
[White "Atanasov, Anthony"]
[Black "Luxama, Jacques Muller"]
[WhiteFideId "2623897"]
[BlackFideId "11900113"]
[WhiteElo "2048"]
[BlackElo "1931"]
[Result "1-0"]
[Round "06"]
[TimeControl "180+1"]
[Date "2022.10.12"]
[WhiteClock "0:01:33"]
[BlackClock "0:00:04"]

1. e4 c5 2. Nf3 d6 3. d4 cxd4 4. Nxd4 Nf6 5. Nc3 a6 6. Nb3 b5 7. a4 b4 8. Nd5 Nc6 9. Be3 Nxd5 10. exd5 Ne5 11. Qd4 Bb7 12. Be2 Rc8 13. Qa7 Bxd5 14. Bxa6 Rxc2 15. Bb6 Bxg2 16. Bxd8 Kxd8 17. Nd4 Nf3+ 18. Nxf3 Bxf3 19. Qb6+ Kd7 20. Bb5+ Kc8 21. O-O Rc5 22. Rac1 e6 23. Rxc5+ dxc5 24. Rc1 Be7 25. Rxc5+ Bxc5 26. Qxc5+ Kd8 27. Qd6+ Kc8 28. Ba6+ Bb7 29. Qc6+ Kd8 30. Bxb7 Ke7 31. Qc7+ Kf6 32. f4 Kg6 33. Qe5 f5 34. Qxe6+ Kh5 35. Qxf5+ Kh6 36. Qg5# 1-0


[Site "https://www.chess.com"]

[Event "Titled Tuesday Blitz October 11 Early 2022"]
[White "Azadaliyev, Jahandar"]
[Black "Gubanov, Oleg"]
[WhiteFideId "13425811"]
[BlackFideId "14115115"]
[WhiteElo "2204"]
[BlackElo "2158"]
[Result "1-0"]
[Round "06"]
[TimeControl "180+1"]
[Date "2022.10.12"]
[WhiteClock "0:00:35"]
[BlackClock "0:00:08"]

1. e4 Nf6 2. e5 Nd5 3. c4 Nb6 4. d4 d6 5. Nf3 g6 6. Nc3 Bg7 7. Bf4 O-O 8. Be2 dxe5 9. Bxe5 Bxe5 10. Nxe5 N8d7 11. Nf3 Nf6 12. O-O c6 13. Qd2 Be6 14. b3 Kg7 15. Rad1 Qc7 16. Ng5 Bf5 17. Bf3 Rad8 18. Qe2 h6 19. Nge4 Nxe4 20. Bxe4 Bxe4 21. Qxe4 e6 22. Rfe1 Rd7 23. h4 h5 24. Re3 Rfd8 25. Rf3 e5 26. d5 cxd5 27. Nxd5 Nxd5 28. cxd5 f5 29. Qc4 Qa5 30. b4 b5 31. Qc3 Qc7 32. Qb3 Qc4 33. Qxc4 bxc4 34. Rc3 Rxd5 35. Rxd5 Rxd5 36. Rxc4 a5 37. bxa5 Rxa5 38. a4 Kf6 39. f3 Ke6 40. Rc6+ Kd5 41. Rxg6 Rxa4 42. Rg5 Rxh4 43. Rxf5 Ke6 44. Rg5 Kf6 45. Rg8 Ra4 46. Re8 h4 47. Kh2 Kf5 48. Kh3 Rb4 49. Rh8 Rb1 50. Rxh4 Rb2 51. Kg3 Kg5 52. Rg4+ Kf5 53. Rh4 Ra2 54. Rh5+ Kf6 55. Kh3 Re2 56. Rh4 Kf5 57. Ra4 Rb2 58. Ra8 Kg5 59. Rg8+ Kf5 60. Kh4 Rb1 61. g4+ Kf6 62. Rf8+ Kg6 63. Rf5 Rh1+ 64. Kg3 Re1 65. Kf2 1-0


[Site "https://www.chess.com"]

[Event "Titled Tuesday Blitz October 11 Early 2022"]
[White "Barria Zuniga, Daniel"]
[Black "Aaditya Dhingra"]
[WhiteFideId "3400816"]
[BlackFideId "25678191"]
[WhiteElo "2414"]
[BlackElo "2054"]
[Result "1-0"]
[Round "06"]
[TimeControl "180+1"]
[Date "2022.10.12"]
[WhiteClock "0:00:04"]
[BlackClock "0:00:02"]

1. d4 Nf6 2. c4 c6 3. Nf3 d5 4. Nc3 e6 5. Bg5 Be7 6. e3 Nbd7 7. Qc2 h6 8. Bxf6 Nxf6 9. O-O-O Qa5 10. Kb1 Bb4 11. Ne5 Bxc3 12. bxc3 Ne4 13. Rc1 Bd7 14. Bd3 Nd6 15. Ka1 f6 16. Ng6 Rg8 17. c5 Nb5 18. e4 dxe4 19. Bxe4 b6 20. Qb3 Nc7 21. Qb4 Qxb4 22. cxb4 b5 23. Kb2 a5 24. a3 axb4 25. axb4 Ra4 26. Kb3 Na6 27. Ra1 Rxb4+ 28. Kc3 Rc4+ 29. Kd3 Nb4+ 30. Ke3 Nd5+ 31. Bxd5 exd5 32. Ra7 Kf7 33. Rxd7+ Kxg6 34. Rd6 Re8+ 35. Kd3 Re4 36. Rxc6 Rcxd4+ 37. Kc3 Rc4+ 38. Kd3 b4 39. Rb1 Rc3+ 40. Kd2 Rd4+ 41. Ke1 Rdc4 42. Rb6 Rc1+ 43. Rxc1 Rxc1+ 44. Kd2 Rxc5 45. Rxb4 Kf5 46. h3 g5 47. g4+ Ke5 48. Rb8 Rc4 49. Rh8 d4 50. Rxh6 Ra4 51. h4 Ra2+ 52. Kd3 gxh4 53. f3 Ra3+ 54. Ke2 Ra2+ 55. Kf1 Kf4 56. Rxf6+ Kg3 57. g5 h3 58. Rh6 h2 59. g6 h1=Q+ 60. Rxh1 Ra1+ 61. Ke2 Rxh1 62. g7 Rh2+ 63. Kd1 Kxf3 64. g8=Q Rg2 65. Qd5+ Kf2 66. Qxd4+ Kg3 67. Qe5+ Kf3 68. Ke1 Rg1+ 69. Kd2 Rg2+ 70. Kd3 Rg3 71. Qe4+ Kf2+ 72. Kd2 Rf3 73. Qh4+ Rg3 74. Kd1 Kg2 75. Qe4+ Rf3 76. Ke2 Kh2 77. Kxf3 1-0


[Site "https://www.chess.com"]

[Event "Titled Tuesday Blitz October 11 Early 2022"]
[White "Beerdsen, Thomas"]
[Black "Subelj, Jan"]
[WhiteFideId "1030108"]
[BlackFideId "14618583"]
[WhiteElo "2567"]
[BlackElo "2394"]
[Result "1-0"]
[Round "06"]
[TimeControl "180+1"]
[Date "2022.10.11"]
[WhiteClock "0:00:44"]
[BlackClock "0:01:15"]

1. e4 c5 2. Nf3 Nc6 3. Bc4 e6 4. O-O Nf6 5. Re1 Nxe4 6. Rxe4 d5 7. Bxd5 Qxd5 8. Nc3 Qd8 9. d4 cxd4 10. Nxd4 Be7 11. Be3 O-O 12. Nxc6 bxc6 13. Qf3 f5 14. Rc4 Ba6 15. Ra4 Bb5 16. Nxb5 cxb5 17. Ra6 e5 18. Rd1 e4 19. Rxd8 exf3 20. Rxa8 Rxa8 21. gxf3 b4 22. Rxa7 Re8 23. Bd4 Bf8 24. c3 Re1+ 25. Kg2 Rd1 26. a4 Rd2 27. b3 bxc3 28. Bxc3 Rc2 29. Bd4 Rd2 30. Rd7 Bc5 31. Rxg7+ Kf8 32. Bxc5+ Kxg7 33. a5 Ra2 34. b4 Kf6 35. Bb6 Rb2 36. Bd4+ 1-0


[Site "https://www.chess.com"]

[Event "Titled Tuesday Blitz October 11 Early 2022"]
[White "Bilan, Danila"]
[Black "Ardila, Oscar Humberto"]
[WhiteFideId "24161918"]
[BlackFideId "4404742"]
[WhiteElo "2203"]
[BlackElo "1898"]
[Result "1-0"]
[Round "06"]
[TimeControl "180+1"]
[Date "2022.10.12"]
[WhiteClock "0:00:43"]
[BlackClock "0:00:23"]

1. d4 Nf6 2. Nf3 e6 3. g3 Bb4+ 4. c3 Be7 5. Bg2 O-O 6. O-O d6 7. c4 Nbd7 8. Nc3 c6 9. Qc2 Qc7 10. Rd1 e5 11. b3 Re8 12. h3 Nf8 13. dxe5 dxe5 14. e4 Be6 15. Be3 Rad8 16. c5 Ng6 17. b4 Qc8 18. Kh2 Rxd1 19. Rxd1 Rd8 20. a3 h6 21. Rxd8+ Qxd8 22. Na4 h5 23. Ng5 Bc8 24. Bf1 Nh7 25. Nxh7 Kxh7 26. Bc4 f6 27. Qe2 Bg4 28. hxg4 h4 29. g5 1-0


[Site "https://www.chess.com"]

[Event "Titled Tuesday Blitz October 11 Early 2022"]
[White "Bluebaum, Matthias"]
[Black "Azarov, Sergei"]
[WhiteFideId "24651516"]
[BlackFideId "13501470"]
[WhiteElo "2633"]
[BlackElo "2494"]
[Result "1-0"]
[Round "06"]
[TimeControl "180+1"]
[Date "2022.10.11"]
[WhiteClock "0:00:20"]
[BlackClock "0:00:03"]

1. d4 Nf6 2. c4 e6 3. Nc3 Bb4 4. e3 O-O 5. Bd2 c5 6. a3 Bxc3 7. Bxc3 Ne4 8. Ne2 b6 9. d5 Nxc3 10. Nxc3 e5 11. d6 Nc6 12. Be2 Bb7 13. Bf3 f5 14. Bd5+ Kh8 15. O-O Qf6 16. Qd2 Qxd6 17. Rad1 Qg6 18. f4 Rae8 19. Rf3 exf4 20. exf4 Qf6 21. Rd3 Ba8 22. Nb5 h6 23. Bf3 Re7 24. Nc7 Nd4 25. Rxd4 Bxf3 26. Rd6 Qf7 27. gxf3 Qxc4 28. Qd3 Qxf4 29. Qf1 Re5 30. Nd5 Qg5+ 31. Kh1 Qh4 32. Nc7 Rf6 33. Rxf6 Qxf6 34. Rxd7 Re3 35. Nd5 1-0


[Site "https://www.chess.com"]

[Event "Titled Tuesday Blitz October 11 Early 2022"]
[White "Borgaonkar Akshay"]
[Black "Kosteniuk, Alexandra"]
[WhiteFideId "25639110"]
[BlackFideId "4128125"]
[WhiteElo "2063"]
[BlackElo "2469"]
[Result "1-0"]
[Round "06"]
[TimeControl "180+1"]
[Date "2022.10.12"]
[WhiteClock "0:00:55"]
[BlackClock "0:00:25"]

1. Nf3 f5 2. b3 Nf6 3. Bb2 d6 4. e3 e5 5. d3 g6 6. Nbd2 Bg7 7. Be2 O-O 8. O-O Nc6 9. c4 a5 10. e4 b6 11. Rc1 Bb7 12. Qc2 Nb4 13. Qb1 Nh5 14. a3 Nf4 15. Rfe1 Nxe2+ 16. Rxe2 Na6 17. exf5 gxf5 18. Qc2 Qe8 19. d4 e4 20. d5 Qg6 21. Nh4 Qg4 22. Bxg7 Kxg7 23. Qc3+ Kf7 24. Nxf5 Qxf5 25. Nxe4 Qe5 26. Qxe5 dxe5 27. Ng5+ Kg6 28. Rxe5 Nc5 29. Ne6 Rfe8 30. Rce1 Kf6 31. Nxc5 Rxe5 32. Nd7+ Ke7 33. Nxe5 Kd6 34. Nf7+ Kc5 35. Re7 Rc8 36. f4 a4 37. b4+ Kxc4 38. d6 cxd6 39. Nxd6+ 1-0


[Site "https://www.chess.com"]

[Event "Titled Tuesday Blitz October 11 Early 2022"]
[White "Bortnyk, Olexandr"]
[Black "Makhnev, Denis"]
[WhiteFideId "14120828"]
[BlackFideId "13707647"]
[WhiteElo "2723"]
[BlackElo "2486"]
[Result "0-1"]
[Round "06"]
[TimeControl "180+1"]
[Date "2022.10.11"]
[WhiteClock "0:00:07"]
[BlackClock "0:00:05"]

1. e4 e5 2. Nf3 Nc6 3. Bb5 a6 4. Ba4 d6 5. h3 Bd7 6. c3 Nf6 7. O-O g6 8. Re1 Bg7 9. d4 O-O 10. dxe5 Nxe5 11. Nxe5 dxe5 12. Bg5 Be6 13. Nd2 Qe7 14. Qe2 h6 15. Bh4 b5 16. Bb3 c5 17. c4 Rab8 18. Rac1 Rfc8 19. Nf1 Qf8 20. Qf3 Nh7 21. Ne3 Ng5 22. Bxg5 hxg5 23. cxb5 Bxb3 24. axb3 axb5 25. Red1 Rb7 26. Qg4 Bf6 27. Nd5 Kg7 28. Rd3 Rc6 29. Rcd1 c4 30. Rc3 Bd8 31. Rdc1 Rd6 32. Qc8 Ra7 33. bxc4 bxc4 34. Rxc4 f5 35. Qc5 Rad7 36. Ne3 Qf6 37. b4 Bb6 38. Qb5 g4 39. Nd5 Qe6 40. Rc6 Bd4 41. Rxd6 Qxd6 42. Qxd7+ Qxd7 43. Rc7 Qxc7 44. Nxc7 g3 45. Ne6+ Kf6 46. exf5 gxf5 47. Kf1 Kxe6 48. fxg3 Kd5 49. Ke2 e4 50. g4 f4 51. g5 Ke6 52. h4 Kf5 53. b5 Kg6 54. Kd2 Kh5 55. Ke2 Bb6 56. Kf1 Bc5 57. Ke2 Bd4 58. Kf1 Kxh4 59. g6 Kg5 60. b6 Kxg6 61. b7 Be5 62. g3 f3 63. Kf2 Kf5 64. Ke3 Bxg3 0-1


[Site "https://www.chess.com"]

[Event "Titled Tuesday Blitz October 11 Early 2022"]
[White "Buscar, Michael"]
[Black "Smietanska, Wiktoria"]
[WhiteFideId "2603616"]
[BlackFideId "21869359"]
[WhiteElo "2010"]
[BlackElo "1854"]
[Result "1-0"]
[Round "06"]
[TimeControl "180+1"]
[Date "2022.10.12"]
[WhiteClock "0:00:11"]
[BlackClock "0:00:04"]

1. Nf3 Nf6 2. b3 g6 3. Bb2 Bg7 4. h4 h5 5. g3 O-O 6. Bg2 d6 7. d3 e5 8. Nbd2 Nc6 9. c4 Be6 10. Ng5 Bf5 11. e4 Bg4 12. f3 Bd7 13. Nf1 Nh7 14. Nxh7 Kxh7 15. Ne3 f5 16. exf5 Bxf5 17. Nxf5 Rxf5 18. g4 Rf7 19. gxh5 gxh5 20. f4 Kh6 21. fxe5 Bxe5 22. Qd2+ Bf4 23. Qc3 Qe7+ 24. Kd1 Re8 25. Be4 Ne5 26. Bc1 Qe6 27. Kc2 Qg4 28. Kb2 Qe2+ 29. Ka3 Ref8 30. Bxf4+ Rxf4 31. Rae1 Qf2 32. Bxb7 Qc5+ 33. b4 Qb6 34. Be4 c5 35. b5 a6 36. Rb1 Rf2 37. Qc1+ R8f4 38. Qc3 axb5 39. Rxb5 Qa6+ 40. Qa5 Qc8 41. Qb6 Rf6 42. Rg1 Qf8 43. Qa7 Rf7 44. Rb7 R2f6 45. Rxf7 Rxf7 46. Qb6 Rf6 47. Kb3 Qe7 48. a4 d5 49. Qb8 dxe4 50. dxe4 Rf3+ 51. Kc2 Nxc4 52. Qh8+ Qh7 53. Qxh7+ Kxh7 54. Rg5 Nd6 55. Rxh5+ Kg6 56. Rxc5 Kf6 57. e5+ Ke6 58. exd6 Kxd6 59. Rg5 Rh3 60. h5 Rh4 61. a5 Kc6 62. Kd3 Kb7 63. Ke3 Ka6 64. Kf3 Rh1 65. Kg3 Rg1+ 66. Kf4 Rf1+ 67. Ke5 Kxa5 68. Ke6+ Kb6 69. Rf5 Rh1 70. Kf6 Kc7 71. Kg7 Kd7 72. Rg5 Ke7 73. h6 Ke6 74. h7 Ra1 75. h8=Q Ra7+ 76. Kg6 1-0


[Site "https://www.chess.com"]